 Dungeon Sprint DCSS version 0.23-a0-396-g5214e5f (webtiles) character file.

9300000 Flooderbenga the Archmage (level 27, -19/199 HPs)
             Began as a Deep Elf Venom Mage on Nov 2, 2018.
             Was the Champion of Makhleb.
             Demolished by The Servant
             ... wielding a +9 glaive of flaming
              (114 damage)
             ... in the Dungeon (Sprint VIII: "Arena of Blood").
             The game lasted 00:25:22 (93 turns).

Flooderbenga the Archmage (Deep Elf Venom Mage)       Turns: 93, Time: 00:25:23

Health: -19/199    AC:  4    Str: 12    XL:     27
Magic:  24/56      EV: 32    Int: 27    God:    Makhleb [******]
Gold:   0          SH:  0    Dex: 15    Spells: 79/80 levels left

rFire    . . .     SeeInvis .   b - +∞ Axe of Woe
rCold    . . .     Gourm    .   (shield currently unavailable)
rNeg     . . .     Faith    .   a - +0 robe
rPois    .         Spirit   .   (no helmet)
rElec    .         Reflect  .   (no cloak)
rCorr    .         Harm     .   (no gloves)
MR       ++...     NoTele   +   (no boots)
Stlth    +++++++++.             (no amulet)
HPRegen  0.43/turn              d - +30 ring of slaying
MPRegen  0.35/turn              c - +250 ring of slaying

@: no status effects
A: no striking features
a: Minor Destruction, Lesser Servant of Makhleb, Major Destruction, Greater
Servant of Makhleb, Renounce Religion


You were in the Dungeon.
You worshipped Makhleb.
Makhleb was exalted by your worship.
You were very full.

You visited 1 branch

Inventory:

Hand Weapons
 b - the +∞ Axe of Woe (weapon)
   (You found it in the Dungeon)
 f - a +9 battleaxe
 j - a +9 great sword of slicing
Armour
 a - a +0 robe (worn)
Jewellery
 c - a +250 ring of slaying (right hand)
 d - a +30 ring of slaying (left hand)
 e - a +30 ring of slaying
 k - a +200 ring of slaying
Scrolls
 i - a scroll of blinking {@r4}
Potions
 g - 2 potions of magic
 h - a potion of berserk rage
 q - a potion of curing {@q1}


   Skills:
 O Level 27 Fighting
 O Level 27 Long Blades
 O Level 27 Axes
 O Level 27 Throwing
 O Level 27 Armour
 O Level 27 Dodging
 O Level 27 Stealth
   Level 11.3 Shields
 O Level 27 Unarmed Combat
 O Level 27 Spellcasting
 O Level 27 Conjurations
   Level 20.8 Necromancy
   Level 19.4 Transmutations
 O Level 27 Poison Magic
 O Level 27 Invocations
   Level 14.2 Evocations


You had 79 spell levels left.
You knew the following spells:

 Your Spells              Type           Power        Failure   Level  Hunger
a - Sting                 Conj/Pois      ####         0%          1    None

Your spell library contained the following spells:

 Spells                   Type           Power        Failure   Level  Hunger
 Poisonous Vapours        Pois/Air       ######       0%          2    None
 Mephitic Cloud           Conj/Pois/Air  #######.     0%          3    None
 Olgreb's Toxic Radiance  Pois           ########     0%          4    None
 Venom Bolt               Conj/Pois      ########..   0%          5    None


Dungeon Overview and Level Annotations

Branches:
Dungeon (1/1)

Altars:
Makhleb

Annotations:
D The Servant


Message History

The bag of meat is engulfed in blazing flames.
A bag of meat comes into view. It is wielding a +9 war axe. x2
The tyrant mumbles some strange words.
The meat beast moves out of view.
Health restored: 199 An orc, a vampire knight and a wraith come into view.
The destroyer is wielding a +9 great sword of slicing.
You hear a shout! x3
A bag of meat comes into view. It is wielding a +9 war axe.
You hear a shout!
The accursed points at you and mumbles some strange words.
Something smites you!
You hear a shout! x3
The dread calls on the powers of darkness!
The eight-headed meat hydra convulses!
The bag of meat convulses! x4
The large bag of meat convulses!
The Servant convulses!
Your body is wracked with pain!
The meat berserker convulses!
The Servant hits you with a +9 glaive of flaming!!!!
Ouch! That really hurt!
You die...

...%.....###......
.#.......)_).......o
...%...#))V).#..%O..
...%...#_)<._#......
.%....)#)§§..#..oo..
#...%..)._..%M....
.......))###..o...
...§###%))§)O.###.
... #.§o§)@.# .
#O§§§)o@#
o......Do.Oo.
..X.X......oMMo#
...XXLD....W...#oo
...X.........##2o.
...#.......%#.


WD. .........#.. ## You could see 3 accurseds, a meat beast, a tyrant, The
Servant, 3 eight-headed meat hydras, a destroyer (wandering), a large bag of
meat (inner flame), 5 large abominations, 2 dreads, 3 meat berserkers and 13
bags of meat.

Vanquished Creatures
  4 hell beasts (D)
  A wraith (D)
  3 liches (D)
  50 orcs (D)
  3 skeletal warriors (D)
  5 large abominations (D)
  4 small abominations (D)
  3 crawling corpses (D)
  6 vampire knights (D)
  25 ogres (D)
  5 two-headed ogres (D)
109 creatures vanquished.

Vanquished Creatures (others)
  3 crawling corpses (D)
3 creatures vanquished.

Grand Total: 112 creatures vanquished

Notes
Turn   | Place    | Note
-------+----------+-------------------------------------------
     0 | D        | Found the +∞ Axe of Woe
     0 | D        | Flooderbenga the Deep Elf Venom Mage began the quest for
                  | the Orb.
     0 | D        | Reached XP level 1. HP: 10/10 MP: 6/6
     2 | D        | Noticed a meat berserker
     4 | D        | Killed a meat berserker
     4 | D        | Reached skill level 15 in Conjurations
     4 | D        | Reached skill level 15 in Poison Magic
     4 | D        | Reached XP level 2. HP: 36/36 MP: 5/22
     4 | D        | Reached XP level 3. HP: 41/41 MP: 5/24
     4 | D        | Reached XP level 4. HP: 47/47 MP: 5/25
     4 | D        | Reached XP level 5. HP: 52/52 MP: 5/27
     4 | D        | Reached XP level 6. HP: 58/58 MP: 5/28
     4 | D        | Reached XP level 7. HP: 63/63 MP: 5/30
     4 | D        | Reached XP level 8. HP: 68/68 MP: 5/31
     4 | D        | Reached XP level 9. HP: 73/73 MP: 5/32
     4 | D        | Reached XP level 10. HP: 79/79 MP: 5/33
     4 | D        | Reached XP level 11. HP: 84/84 MP: 5/34
     4 | D        | Reached XP level 12. HP: 90/90 MP: 5/35
     4 | D        | Reached XP level 13. HP: 95/95 MP: 5/36
     4 | D        | Noticed a bag of meat
     4 | D        | Noticed a bag of meat
     7 | D        | Noticed a bag of meat
     8 | D        | Killed a bag of meat
     8 | D        | Noticed a bag of meat
     9 | D        | Killed a bag of meat
     9 | D        | Reached XP level 14. HP: 104/104 MP: 3/40
     9 | D        | Noticed a meat berserker
     9 | D        | Noticed a meat berserker
    10 | D        | Killed a meat berserker
    10 | D        | Reached XP level 15. HP: 73/114 MP: 4/43
    11 | D        | Killed a meat berserker
    11 | D        | Reached XP level 16. HP: 81/125 MP: 4/46
    13 | D        | Became a worshipper of Makhleb the Destroyer
    13 | D        | Noticed a meat berserker
    13 | D        | Noticed a meat berserker
    15 | D        | Killed a meat berserker
    15 | D        | Reached * piety under Makhleb
    15 | D        | Reached XP level 17. HP: 89/135 MP: 6/49
    15 | D        | Reached skill level 27 in Spellcasting
    15 | D        | Noticed a meat berserker
    16 | D        | Noticed a meat berserker
    18 | D        | Reached ** piety under Makhleb
    18 | D        | Reached skill level 27 in Fighting
    19 | D        | Killed a meat berserker
    19 | D        | Reached skill level 27 in Dodging
    19 | D        | Reached skill level 27 in Conjurations
    19 | D        | Reached skill level 27 in Poison Magic
    19 | D        | Reached XP level 18. HP: 111/145 MP: 7/51
    19 | D        | Reached skill level 15 in Axes
    20 | D        | Reached *** piety under Makhleb
    21 | D        | Killed a meat berserker
    21 | D        | Reached XP level 19. HP: 139/151 MP: 8/52
    22 | D        | Killed a meat berserker
    22 | D        | Reached **** piety under Makhleb
    22 | D        | Reached skill level 27 in Axes
    22 | D        | Reached skill level 10 in Armour
    22 | D        | Noticed a large bag of meat
    25 | D        | Noticed a large bag of meat
    26 | D        | Reached skill level 15 in Armour
    26 | D        | Reached XP level 20. HP: 157/157 MP: 9/53
    26 | D        | Noticed an eight-headed meat hydra
    28 | D        | Killed a large bag of meat
    28 | D        | Noticed a destroyer
    29 | D        | Noticed a meat berserker
    29 | D        | Noticed a meat berserker
    31 | D        | Noticed a large bag of meat
    31 | D        | Noticed a meat berserker
    34 | D        | Killed a destroyer
    34 | D        | Reached ***** piety under Makhleb
    37 | D        | Killed a meat berserker
    37 | D        | Reached XP level 21. HP: 163/163 MP: 11/54
    37 | D        | Noticed a destroyer
    45 | D        | Noticed a destroyer
    47 | D        | Reached skill level 27 in Armour
    47 | D        | Reached skill level 27 in Invocations
    47 | D        | Reached XP level 22. HP: 169/169 MP: 13/55
    47 | D        | Reached skill level 27 in Throwing
    50 | D        | Reached skill level 10 in Stealth
    53 | D        | Reached ****** piety under Makhleb
    53 | D        | Reached XP level 23. HP: 175/175 MP: 14/56
    54 | D        | Noticed a destroyer
    57 | D        | Killed a destroyer
    57 | D        | Reached skill level 27 in Stealth
    57 | D        | Reached skill level 27 in Unarmed Combat
    58 | D        | Noticed a tyrant
    59 | D        | Killed a destroyer
    59 | D        | Killed a large bag of meat
    60 | D        | Reached XP level 24. HP: 181/181 MP: 15/56
    63 | D        | Noticed a large bag of meat
    65 | D        | Noticed a large bag of meat
    65 | D        | Noticed a destroyer
    65 | D        | Noticed a tyrant
    66 | D        | Reached skill level 27 in Long Blades
    67 | D        | Killed a destroyer
    67 | D        | Reached XP level 25. HP: 187/187 MP: 17/56
    67 | D        | Killed a large bag of meat
    69 | D        | Reached XP level 26. HP: 193/193 MP: 17/56
    69 | D        | Noticed a meat beast
    70 | D        | Killed a meat beast
    70 | D        | Noticed a dread
    71 | D        | Reached XP level 27. HP: 199/199 MP: 18/56
    72 | D        | Killed a large bag of meat
    73 | D        | Killed a tyrant
    74 | D        | Killed a large bag of meat
    74 | D        | Noticed a meat beast
    74 | D        | Noticed a tyrant
    76 | D        | Killed a tyrant
    79 | D        | Killed a destroyer
    79 | D        | Killed a meat beast
    79 | D        | Killed a dread
    80 | D        | Noticed The Servant
    81 | D        | Noticed a meat beast
    81 | D        | Noticed a destroyer
    82 | D        | Noticed an accursed
    83 | D        | Noticed a large bag of meat
    84 | D        | Noticed a meat beast
    85 | D        | Noticed an accursed
    86 | D        | Killed a meat beast
    87 | D        | Killed a tyrant
    87 | D        | Killed a meat beast
    89 | D        | Noticed a dread
    89 | D        | Noticed a tyrant
    91 | D        | Killed a destroyer
    91 | D        | Noticed an accursed
    92 | D        | Noticed a meat beast
    92 | D        | Noticed a meat beast
    93 | D        | Noticed a destroyer
    93 | D        | Noticed a dread
    93 | D        | Demolished by The Servant

Vault maps used:
D:        meatsprint

Skill      XL: |  1  2  3  4  5  6  7  8  9 10 11 12 13 14 15 16 17 18 19 20 21 22 23 24 |
---------------+-------------------------------------------------------------------------+-----
Fighting       | 16 18 20 23 25 27 | 27.0
Dodging        | 16 18 20 22 24 27 | 27.0
Spellcasting   | 17 20 22 24 26 27 | 27.0
Conjurations   | 15 17 19 21 23 27 | 27.0
Poison Magic   | 15 17 19 21 23 27 | 27.0
Axes           | 11 23 27 | 27.0
Throwing       | 13 21 26 27 | 27.0
Armour         | 15 24 27 | 27.0
Invocations    | 14 22 27 | 27.0
Unarmed Combat | 23 27 | 27.0
Stealth        | 23 27 | 27.0
Long Blades    | 16 27 | 27.0
Shields        | 11 | 11.3
Necromancy     | 20 | 20.8
Transmutations | 19 | 19.4
Evocations     | 14 | 14.2

Action                   |  1- 3 |  4- 6 |  7- 9 | 10-12 | 13-15 | 16-18 | 19-21 | 22-24 | 25-27 || total
-------------------------+-------+-------+-------+-------+-------+-------+-------+-------+-------++-------
Melee: Executioner's axe |     1 |       |       |       |     4 |     6 |    10 |    12 |    23 ||    56
 Cast: Sting             |     1 |       |       |       |     3 |       |       |       |       ||     4
Invok: Major Destruction |       |       |       |       |       |       |     2 |       |       ||     2
       Greater Servant o |       |       |       |       |       |       |     2 |       |       ||     2
  Use: Potion            |       |       |       |       |       |     2 |       |       |       ||     2
  Eat: Ration            |       |       |       |       |       |       |     1 |       |       ||     1
Dodge: Dodged            |       |       |       |       |       |     1 |     2 |     1 |     1 ||     5

Table legend:
 A = Non-vault XP
 B = Vault XP
 C = Vault XP percentage of total XP
 D = Non-vault monster count
 E = Vault monster count
 F = Vault count percentage of total count
                 A         B        C        D         E       F
            +---------+---------+-------+---------+---------+-------
      Total | 1873733 | 1217309 |  39.4 |      51 |      55 |  51.9
            +---------+---------+-------+---------+---------+-------
          D | 1873733 | 1217309 |  39.4 |      51 |      55 |  51.9
            +---------+---------+-------+---------+---------+-------
